 Dungeon Crawl Stone Soup version 0.31-a0-851-g7ff8af7976 (webtiles) character file.

Game seed: 5304078618775229985

154 randomguy2701 the Ducker (level 5, 0/37 HPs)
             Began as a Gnoll Wanderer on Oct 6, 2023.
             Was a Follower of Ru.
             Slain by a hound (5 damage)
             ... on level 5 of the Dungeon.
             The game lasted 00:10:26 (3765 turns).

randomguy2701 the Ducker (Gnoll Wanderer)           Turns: 3765, Time: 00:10:27

Health: 0/37       AC:  3    Str: 12    XL:     5   Next: 36%
Magic:  9/9        EV: 14    Int: 13    God:    Ru [*.....]
Gold:   148        SH:  0    Dex: 11    Spells: 8/10 levels left

rFire   . . .        a - +0 club
rCold   . . .        (no shield)
rNeg    . . .        d - +0 robe
rPois   .            m - +1 hat
rElec   .            (no cloak)
rCorr   .            (no gloves)
SInv    +            (no boots)
Will    .....        (no amulet)
Stlth   ++           r - ring of see invisible
HPRegen 0.26/turn    q - ring of flight
MPRegen 0.11/turn

%: inaccuracy (-5)
@: flying
A: fangs 1, missing an eye, strong nose, distributed training
a: Renounce Religion


You were on level 5 of the Dungeon.
You worshipped Ru.
Ru was aware of your devotion.
You visited 1 branch of the dungeon, and saw 5 of its levels.

You collected 148 gold pieces.

Inventory:

Hand Weapons
 a - a +0 club (weapon)
Armour
 b - a +0 helmet
 d - a +0 robe (worn)
 m - a +1 hat (worn)
Jewellery
 n - a ring of resist corrosion
 q - a ring of flight (right hand)
 r - a ring of see invisible (left hand)
Wands
 o - a wand of iceblast (14)
Scrolls
 f - a scroll of identify
 i - 2 scrolls of enchant armour
 l - a scroll of poison {unknown}
 p - a scroll of torment {unknown}
 s - 2 scrolls of immolation
Potions
 h - a potion of heal wounds {unknown}
 j - a potion of attraction {unknown}
 k - 2 potions of haste {unknown}


   Skills:
 + Level 1.5 Fighting
 + Level 1.5 Short Blades
 + Level 1.5 Long Blades
 + Level 1.5 Axes
 + Level 1.5 Maces & Flails
 + Level 1.5 Polearms
 + Level 1.5 Staves
 + Level 1.5 Ranged Weapons
 + Level 1.5 Throwing
 + Level 3.0 Armour
 + Level 6.7 Dodging
 + Level 2.8 Stealth
 + Level 1.5 Shields
 + Level 1.5 Unarmed Combat
 + Level 3.2 Spellcasting
 + Level 5.5 Conjurations
 + Level 1.2 Hexes
 + Level 1.2 Summonings
 + Level 1.2 Necromancy
 + Level 1.2 Translocations
 + Level 1.2 Transmutations
 + Level 1.2 Fire Magic
 + Level 1.2 Ice Magic
 + Level 1.2 Air Magic
 + Level 1.2 Earth Magic
 + Level 1.2 Poison Magic
 + Level 1.7 Invocations
 + Level 3.0 Evocations
 + Level 1.3 Shapeshifting


You had 8 spell levels left.
You knew the following spells:

 Your Spells              Type           Power      Damage    Failure   Level
a - Magic Dart            Conj           64%        1d6       2%          1
b - Foxfire               Conj/Fire      40%        2x1d6     5%          1

Your spell library contained the following spells:

 Spells                   Type           Power      Damage    Failure   Level
 Kiss of Death            Conj/Necr      40%        2d8       5%          1
 Lesser Beckoning         Tloc           10%        N/A       21%         2
 Poisonous Vapours        Pois/Air       10%        N/A       21%         2
 Mephitic Cloud           Conj/Pois/Air  9%         N/A       22%         3
 Gell's Gravitas          Tloc           5%         N/A       38%         3
 Teleport Other           Tloc           5%         N/A       38%         3
 Freezing Cloud           Conj/Ice/Air   4%         6-21      91%         5


Dungeon Overview and Level Annotations

Branches:
Dungeon (4/15)
 Temple: D:4-7

Altars:
Gozag
Ru
Yredelemnul

Shops:
D:2 *   D:3 (

Annotations:
D:2 1 runed translucent door, Crazy Yiuf, Terence
D:3 2 transporters, PowderKeg's ghost, amateur OpBr
D:5 1 runed translucent door, Edmund; LlamaRama1234's ghost, novice HOMo


Innate Abilities, Weirdness & Mutations

You have very sharp teeth.
You are missing an eye, making it more difficult to aim.
Your uncanny sense of smell can sniff out nearby items.
Your experience applies equally to all skills.


Message History

As you read the scroll of blinking, it crumbles to dust.
A gnoll comes into view. It is wielding a +0 club.
A gnoll comes into view. It is wielding a +0 whip.
A gnoll comes into view. It is wielding a +0 flail.
You hear the slow rusting of a very distant drain.
Found 2 murky pink potions.
A hound comes into view.
The hound barely misses you. The hound closely misses you.
The hound attacks as it pursues you! The hound misses you.
The hound closely misses you. The hound attacks as it pursues you!
The hound completely misses you. The hound bites you but does no damage.
The hound bites you.
A phantom comes into view.
A hound comes into view.
The hound bites you but does no damage.
The hound pauses to sniff the ground.
The hound bites you. The hound attacks as it pursues you!
The hound bites you but does no damage. The hound bites you but does no damage.
The hound attacks as it pursues you! The hound bites you.
* * * LOW HITPOINT WARNING * * *
The phantom is stunned by your conviction and fails to attack.
The hound barks!
The hound barely misses you. The hound attacks as it pursues you!
The hound completely misses you. The hound barely misses you.
The hound pauses to sniff the ground.
The hound attacks as it pursues you! The hound bites you.
* * * LOW HITPOINT WARNING * * *
The hound barely misses you. The hound bites you.
* * * LOW HITPOINT WARNING * * *
Okay, then.
The hound attacks as it pursues you! The hound closely misses you.
The hound barely misses you. The hound attacks as it pursues you!
The hound bites you.
* * * LOW HITPOINT WARNING * * *
The hound misses you. The hound bites you.
* * * LOW HITPOINT WARNING * * *
The hound attacks as it pursues you! The hound bites you.
You die...

#.......... #..........
#.......... #........#
########## ##........#
.........#####..........
.........h..W........###
..........sW...#######
.......@h.###### #
.........## # ...#.....#
#### # ## ##....#
####..# #....# #...@.#
#....# ###.###.# #.....
#....$#.# ......#
#.#.###@#
.......##.._..#.#


You could see 2 phantoms, a scorpion and 2 hounds.

Vanquished Creatures
  A howler monkey (D:5)
  6 adders
  A worm (D:3)
  3 dart slugs (D:1)
  9 ball pythons
  4 bats
  4 endoplasms
  5 giant cockroaches
  5 goblins
  4 hobgoblins
  4 kobolds
  2 quokkas
  6 frilled lizards
  3 rats
57 creatures vanquished.

Notes
Turn   | Place    | Note
-------+----------+-------------------------------------------
     0 | D:1      | randomguy2701 the Gnoll Wanderer began the quest for the
                  | Orb.
     0 | D:1      | randomguy2701 set off with the following items: a +0 club,
                  | a +0 helmet, a scroll of fear, a +0 robe, a scroll of fog;
                  | and the following spells available to memorise: Magic Dart,
                  | Foxfire, Kiss of Death.
     0 | D:1      | Reached XP level 1. HP: 13/13 MP: 4/4
     2 | D:1      | Learned a level 1 spell: Magic Dart
   163 | D:1      | Reached XP level 2. HP: 19/19 MP: 1/5
   724 | D:1      | Reached XP level 3. HP: 25/25 MP: 1/7
   988 | D:1      | Found a faded altar of an unknown god.
  1102 | D:1      | Prayed at the altar of an unknown god.
  1102 | D:1      | Became a worshipper of Ru the Awakened
  1107 | D:1      | Gained mutation: You are missing an eye, making it more
                  | difficult to aim. [Ru sacrifice]
  1107 | D:1      | Reached * piety under Ru
  1152 | D:2      | Reached skill level 1 in Invocations
  1313 | D:2      | Reached skill level 1 in Fighting
  1313 | D:2      | Reached skill level 1 in Short Blades
  1313 | D:2      | Reached skill level 1 in Long Blades
  1313 | D:2      | Reached skill level 1 in Axes
  1313 | D:2      | Reached skill level 1 in Maces & Flails
  1313 | D:2      | Reached skill level 1 in Polearms
  1313 | D:2      | Reached skill level 1 in Staves
  1313 | D:2      | Reached skill level 1 in Ranged Weapons
  1313 | D:2      | Reached skill level 1 in Throwing
  1313 | D:2      | Reached skill level 1 in Shields
  1313 | D:2      | Reached skill level 1 in Unarmed Combat
  1400 | D:2      | Found a runed translucent door.
  1401 | D:2      | Noticed Crazy Yiuf
  1438 | D:2      | Reached XP level 4. HP: 32/32 MP: 6/8
  1483 | D:2      | Reached skill level 1 in Shapeshifting
  1666 | D:2      | Noticed Terence
  1820 | D:2      | Found Owaorymer's Assorted Antiques.
  1932 | D:1      | Reached skill level 1 in Hexes
  1932 | D:1      | Reached skill level 1 in Summonings
  1932 | D:1      | Reached skill level 1 in Necromancy
  1932 | D:1      | Reached skill level 1 in Translocations
  1932 | D:1      | Reached skill level 1 in Transmutations
  1932 | D:1      | Reached skill level 1 in Fire Magic
  1932 | D:1      | Reached skill level 1 in Ice Magic
  1932 | D:1      | Reached skill level 1 in Air Magic
  1932 | D:1      | Reached skill level 1 in Earth Magic
  1932 | D:1      | Reached skill level 1 in Poison Magic
  2279 | D:3      | Found Faosu's Weapon Shop.
  2430 | D:3      | Noticed an ogre
  2993 | D:3      | Found a transporter.
  2996 | D:3      | Noticed PowderKeg's ghost (amateur OpBr)
  3286 | D:3      | Found a transporter.
  3297 | D:3      | Reached XP level 5. HP: 36/37 MP: 5/9
  3436 | D:4      | Found a basalt altar of Yredelemnul.
  3571 | D:3      | You are sucked into a shaft and drop 2 floors!
  3571 | D:5      | Entered Level 5 of the Dungeon
  3590 | D:5      | Learned a level 1 spell: Foxfire
  3633 | D:5      | Noticed Edmund
  3659 | D:5      | Found a runed translucent door.
  3662 | D:5      | Noticed LlamaRama1234's ghost (novice HOMo)
  3682 | D:5      | Found an opulent altar of Gozag.
  3691 | D:5      | Noticed a phantom
  3748 | D:5      | Noticed a phantom
  3765 | D:5      | Slain by a hound

Illustrated notes

Levels and vault maps discovered:
D:1:      wander_arrival_estate, layout_loops_cross,
          nicolae_ecumenical_snake_handling
D:2:      layout_rooms, serial_shops, shop, uniq_terence,
          uniq_crazy_yiuf_cottage
D:3:      layout_loops_ring, serial_shops, shop_statue,
          gammafunk_ghost_stat_death
D:4:      layout_basic, zin_academy, mainiacjoe_overflow_boulevard, uniq_grinder
D:5:      layout_cave_pods, nicolae_gozag_cash_rules_everything_around_me,
          portal_sewer_entry_e, hellmonk_ghost_happy_afterlife, uniq_edmund

Skill      XL: |  1  2  3  4  5 |
---------------+----------------+-----
Invocations    | 1 |  1.7
Fighting       | 1 |  1.5
Short Blades   | 1 |  1.5
Long Blades    | 1 |  1.5
Axes           | 1 |  1.5
Maces & Flails | 1 |  1.5
Polearms       | 1 |  1.5
Staves         | 1 |  1.5
Ranged Weapons | 1 |  1.5
Throwing       | 1 |  1.5
Shields        | 1 |  1.5
Unarmed Combat | 1 |  1.5
Shapeshifting  | 1 |  1.3
Spellcasting   | 3 |  3.2
Hexes          | 1 |  1.2
Summonings     | 1 |  1.2
Necromancy     | 1 |  1.2
Translocations | 1 |  1.2
Transmutations | 1 |  1.2
Fire Magic     | 1 |  1.2
Ice Magic      | 1 |  1.2
Air Magic      | 1 |  1.2
Earth Magic    | 1 |  1.2
Poison Magic   | 1 |  1.2
Armour         | 3 |  3.0
Evocations     | 3 |  3.0
Dodging        | |  6.7
Stealth        | |  2.8
Conjurations   | |  5.5

Action                     |  1- 3 |  4- 6 || total
---------------------------+-------+-------++-------
  Melee: Club              |    24 |     2 ||    26
         Bite              |     4 |       ||     4
   Cast: Magic Dart        |    75 |    82 ||   157
 Invoke: Sacrifice an Eye  |     1 |       ||     1
    Use: Scroll            |       |     7 ||     7
 Armour: Robe              |    16 |    36 ||    52
  Dodge: Dodged            |    29 |    55 ||    84

Table legend: (Time is in decaauts)
 A = Elapsed time spent in this place.
 B = Non-inter-level travel time spent in this place.
 C = Inter-level travel time spent in this place.
 D = Time resting spent in this place.
 E = Time spent auto-exploring this place.
 F = Levels seen in this place.
 G = Mean time per level.
                   A        B        C        D        E       F      G
               +--------+--------+--------+--------+--------+-----+--------+
         Total |   3772 |   3629 |    143 |    200 |   2620 |   5 |  754.4 |
       Dungeon |   3772 |   3629 |    143 |    200 |   2620 |   5 |  754.4 |
               +--------+--------+--------+--------+--------+-----+--------+

Top non-repeatable levels by time:
     D:1: 1296 daAuts
     D:3: 1238 daAuts
     D:2: 997 daAuts
     D:5: 193 daAuts
     D:4: 46 daAuts
